 Dungeon Crawl Stone Soup version 0.26-a0-966-gd078a86f14 (webtiles) character file.

Game seed: 13919415108047698001

1029 MessiBoka the Conjurer (level 8, -2/62 HPs)
             Began as a Pale Draconian Conjurer on Dec 3, 2020.
             Slain by an ice beast (9 damage)
             ... on level 5 of the Dungeon.
             The game lasted 00:47:00 (8680 turns).

MessiBoka the Conjurer (Pale Draconian Conjurer)    Turns: 8680, Time: 00:47:01

Health: -2/62      AC:  8    Str: 10    XL:     8   Next: 3%
Magic:  1/14       EV: 15    Int: 20    God:
Gold:   199        SH:  0    Dex: 22    Spells: 14/15 levels left

rFire    . . .     SeeInvis .   o - +3 short sword
rCold    . . .     Faith    .   (no shield)
rNeg     . . .     Spirit   .   (armour unavailable)
rPois    .         Reflect  .   (helmet restricted)
rElec    .         Harm     .   x - +0 cloak
rCorr    .         Rampage  .   C - +0 pair of gloves
MR       .....                  (no boots)
Stlth    +++.......             (no amulet)
HPRegen  0.20/turn              j - +6 ring of dexterity
MPRegen  0.14/turn              y - +6 ring of dexterity

@: slowed, very slow
A: breathe steam, unfitting armour, cold-blooded, AC +6
a: Breathe Steam


You were on level 5 of the Dungeon.
You visited 1 branch of the dungeon, and saw 6 of its levels.

You collected 274 gold pieces.
You spent 75 gold pieces at shops.

Inventory:

Hand Weapons
 l - a +0 hunting sling
 n - a +1 dagger of speed
 o - a +3 short sword (weapon)
 D - the +6 mace of the Spinneret {vorpal, *Drain rPois rF+, unknown}
   (You found it on level 4 of the Dungeon)

   It inflicts extra damage upon your enemies.
   It protects you from fire.
   It protects you from poison.
   It causes draining when unequipped.
Missiles
 a - 37 poisoned darts
 b - 36 arrows
 c - 3 atropa-tipped darts
 q - 7 curare-tipped darts
 u - 2 silver boomerangs
Armour
 x - a +0 cloak (worn)
 C - a +0 pair of gloves (worn)
Jewellery
 j - a +6 ring of dexterity (left hand)
 y - a +6 ring of dexterity (right hand)
Wands
 E - a wand of flame (30)
Scrolls
 e - 6 scrolls of identify
 g - a scroll of enchant weapon {unknown}
 h - a scroll of amnesia
 p - a scroll of enchant armour {unknown}
 r - a scroll of teleportation {unknown}
 s - a scroll of remove curse {unknown}
 w - a scroll of fear {unknown}
 B - a scroll of magic mapping {unknown}
 F - a scroll of blinking
Potions
 d - 2 potions of mutation
 f - a potion of lignification {unknown}
 i - a potion of invisibility {unknown}
 k - 2 potions of curing
 m - 3 potions of flight
 t - a potion of brilliance {unknown}
 v - a potion of haste {unknown}
 z - a potion of attraction {unknown}
 A - a potion of might {unknown}


   Skills:
 + Level 2.7 Fighting
 + Level 3.3 Short Blades
 + Level 3.7 Dodging
 + Level 3.3 Stealth
 + Level 0.2 Unarmed Combat
 + Level 4.4 Spellcasting
 + Level 6.3 Conjurations


You had 14 spell levels left.
You knew the following spells:

 Your Spells              Type           Power        Failure   Level
a - Magic Dart            Conj           ####         1%          1

Your spell library contained the following spells:

 Spells                   Type           Power        Failure   Level
 Searing Ray              Conj           ####..       1%          2
 Dazzling Flash           Conj/Hex       ###...       10%         3
 Fulminant Prism          Conj/Hex       ###.......   32%         4
 Iskenderun's Mystic Bla  Conj/Tloc      ###.....     32%         4


Dungeon Overview and Level Annotations

Branches:
Dungeon (6/15)
 Temple: D:4-7

Altars:
Elyvilon
The Shining One

Shops:
D:5 ?

Annotations:
D:6 Prince Ribbit


Innate Abilities, Weirdness & Mutations

You can breathe blasts of scalding, opaque steam.
Your pale cyan-grey scales are hard. (AC +6)
You cannot fit into any form of body armour.
You are cold-blooded and may be slowed by cold attacks.


Message History

The ice beast misses you.
Casting: Magic Dart (safe; 1% risk of failure)
Confirm with . or Enter, or press ? or * to list all spells.
Aiming: Magic Dart (safe; 1% risk of failure)
Press: ? - help, Shift-Dir - straight line, f/p - ice beast
Aim: an ice beast (almost dead, 0% to evade)
The magic dart hits the ice beast but does no damage.
The ice beast is almost dead.
The ice beast misses you.
Casting: Magic Dart (safe; 1% risk of failure)
Confirm with . or Enter, or press ? or * to list all spells.
Aiming: Magic Dart (safe; 1% risk of failure)
Press: ? - help, Shift-Dir - straight line, f/p - ice beast
Aim: an ice beast (almost dead, 0% to evade)
The magic dart hits the ice beast but does no damage.
The ice beast is almost dead.
The ice beast hits you.
* * * LOW HITPOINT WARNING * * *
The ice beast freezes you!
You feel yourself slow down.
You die...

#.# #...........................
#.# #..<.................#....#.
#.###...#.#.#######.########....
#.##......#..# ##.# ##...
#.##.#######.#####..### #.#.
#.#..# #..........# #... ##.#.##
#..........# ###. .....#
#..........# #######. .....#
#..Y@......# #....... .....#
#..........# #....... .....#
#..>.......# #......# .....#
############ #....... .....#
#.)....# .....# #......# ######
#......# #......# ########


You could see an ice beast.

Vanquished Creatures
  Eustachio (D:5)
  A black bear (D:5)
  An ogre (D:4)
  A scorpion (D:5)
  A howler monkey (D:4)
  2 bullfrog zombies (D:5)
  A hound (D:4)
  A jelly (D:4)
  2 orc priests (D:5)
  A centaur skeleton (D:3)
  4 orc wizards
  3 worker ants
  A worker ant zombie (D:5)
  11 adders
  2 shadow imps
  An ooze (D:1)
  An adder skeleton (D:5)
  4 worms
  3 dart slugs
  A leopard gecko (D:2)
  13 orcs
  7 bats
  A giant cockroach (D:2)
  6 goblins
  7 hobgoblins
  7 jackals
  9 kobolds
  A quokka (D:2)
  7 frilled lizards
  A quokka skeleton (D:5)
  A quokka zombie (D:5)
  3 rats
106 creatures vanquished.

Notes
Turn   | Place    | Note
-------+----------+-------------------------------------------
     0 | D:1      | MessiBoka the Draconian Conjurer began the quest for the
                  | Orb.
     0 | D:1      | Reached XP level 1. HP: 14/14 MP: 3/3
   457 | D:1      | Found a glowing golden altar of the Shining One.
   469 | D:1      | Reached XP level 2. HP: 18/20 MP: 0/5
  1851 | D:2      | Reached XP level 3. HP: 26/26 MP: 4/6
  2588 | D:2      | Found a white marble altar of Elyvilon.
  3021 | D:2      | Reached XP level 4. HP: 31/34 MP: 5/7
  3370 | D:2      | Reached skill level 1 in Fighting
  4251 | D:3      | Reached skill level 5 in Conjurations
  4315 | D:3      | Reached skill level 1 in Short Blades
  4425 | D:3      | Reached XP level 5. HP: 40/40 MP: 5/9
  5127 | D:4      | Reached XP level 6. HP: 47/47 MP: 2/10
  5204 | D:5      | Entered Level 5 of the Dungeon
  5741 | D:4      | Got a slimy mace
  5746 | D:5      | Found the +7 Spriggan's Knife {stab, EV+4 Stlth+}
  7143 | D:4      | Your scales start taking on a pale cyan-grey colour.
  7143 | D:4      | Reached XP level 7. HP: 55/55 MP: 5/12
  7422 | D:6      | Noticed Prince Ribbit
  7500 | D:5      | Found Qainifya's Magic Scroll Emporium.
  7504 | D:5      | Bought a scroll of blinking for 75 gold pieces
  8064 | D:5      | Reached skill level 6 in Conjurations
  8291 | D:5      | Noticed Eustachio
  8316 | D:5      | Killed Eustachio
  8489 | D:5      | Reached XP level 8. HP: 62/62 MP: 14/14
  8680 | D:5      | Slain by an ice beast

Illustrated notes

Levels and vault maps discovered:
D:1:      shiori_arrival_maze, layout_basic, roderic_cross_of_infinity,
          tso_metal_star
D:2:      layout_basic, elyvilon_altar_5
D:3:      layout_basic
D:4:      wander_river, layout_basic
D:5:      black_bear_nest_2, layout_rooms, serial_shops, kennysheep_mini,
          grunt_ministairs_2, uniq_eustachio
D:6:      layout_basic, kennysheep_little_box, serial_corexii_hall,
          chequers_hall_statues_wall_a, corexii_hall_statues_s,
          nicolae_dithmenos_the_darkroom, uniq_prince_ribbit1, uniq_menkaure

Skill      XL: |  1  2  3  4  5  6  7 |
---------------+----------------------+-----
Stealth        | 2 3 |  3.3
Dodging        | 2 3 |  3.7
Fighting       | 1 2 |  2.7
Conjurations   | 5 6 |  6.3
Short Blades   | 1 2 3 |  3.3
Spellcasting   | 3 4 |  4.4
Unarmed Combat | |  0.2

Action                   |  1- 3 |  4- 6 |  7- 9 || total
-------------------------+-------+-------+-------++-------
Melee: Unarmed           |    40 |       |       ||    40
       Tailslap          |     6 |     8 |     2 ||    16
       Dagger            |    34 |     8 |       ||    42
       Short sword       |    21 |    56 |    33 ||   110
 Cast: Magic Dart        |    61 |   138 |   103 ||   302
  Use: Scroll            |       |     3 |       ||     3
       Potion            |       |     1 |       ||     1
 Stab: Sleeping          |     1 |       |       ||     1
Armor: Skin              |    35 |    26 |    38 ||    99
Dodge: Dodged            |    82 |    81 |    88 ||   251

Table legend: (Time is in decaauts)
 A = Elapsed time spent in this place.
 B = Non-inter-level travel time spent in this place.
 C = Inter-level travel time spent in this place.
 D = Time resting spent in this place.
 E = Time spent auto-exploring this place.
 F = Levels seen in this place.
 G = Mean time per level.
                   A        B        C        D        E       F      G
               +--------+--------+--------+--------+--------+-----+--------+
         Total |   8725 |   8472 |    253 |   2867 |   3661 |   6 | 1454.2 |
       Dungeon |   8725 |   8472 |    253 |   2867 |   3661 |   6 | 1454.2 |
               +--------+--------+--------+--------+--------+-----+--------+

Top non-repeatable levels by time:
     D:4: 2265 daAuts
     D:1: 1756 daAuts
     D:2: 1672 daAuts
     D:5: 1513 daAuts
     D:3: 1490 daAuts
     D:6: 27 daAuts
